 Dungeon Crawl Stone Soup version 0.24-a0-244-ga6a6ab7d13 (webtiles) character file.

Game seed: 1472136825833077452

461 Redear the Sneak (level 7, 0/73 HPs)
             Began as an Octopode Berserker on Apr 11, 2019.
             Was a Believer of Trog.
             Slain by a sky beast (5 damage)
             ... on level 5 of the Dungeon.
             The game lasted 00:06:44 (3669 turns).

Redear the Sneak (Octopode Berserker)               Turns: 3669, Time: 00:06:45

Health: 0/73       AC:  1    Str: 22    XL:     7   Next: 7%
Magic:  7/7        EV: 15    Int:  9    God:    Trog [**....]
Gold:   208        SH:  0    Dex: 13    Spells: 6/6 levels left

rFire    . . .     SeeInvis .   m - -2 dagger (curse)
rCold    . . .     Gourm    .   (no shield)
rNeg     . . .     Faith    +   (helmet restricted)
rPois    .         Spirit   .   n - amulet of faith {Faith}
rElec    .         Reflect  .   (no ring)
rCorr    .         Harm     .   (no ring)
MR       .....                  (no ring)
Stlth    ..........             (no ring)
HPRegen  0.22/turn              (no ring)
MPRegen  0.10/turn              (no ring)
                                (no ring)
                                (no ring)

@: berserking (expiring), very quick
A: almost no armour, stealthy swim, amphibious, 8 rings, constrict 8, camouflage
1, gelatinous body 1
a: Berserk, Trog's Hand, Renounce Religion


You were on level 5 of the Dungeon.
You worshipped Trog.
Trog was pleased with you.
You were very hungry.

You visited 1 branch of the dungeon, and saw 5 of its levels.

You collected 208 gold pieces.

Inventory:

Hand Weapons
 a - a +1 falchion
 m - a cursed -2 dagger (weapon)
Jewellery
 b - an uncursed ring of protection from cold {unknown}
 n - an amulet of faith (around mantle) {Faith}
Wands
 p - a wand of disintegration (11)
Scrolls
 h - a scroll of fear
 l - a scroll of blinking {unknown}
 M - a scroll of magic mapping
 R - 5 scrolls of identify {@r1}
Potions
 c - 2 potions of curing {unknown}
 d - 2 potions of berserk rage {unknown}
 e - a potion of invisibility {unknown}
 f - 4 potions of haste {unknown}
 i - a potion of agility {unknown}
 j - a potion of mutation {unknown}
 k - 2 potions of resistance {rF+ rC+ rPois rElec rCorr}
 o - a potion of brilliance {unknown}
Comestibles
 z - 5 rations


   Skills:
 + Level 4.6 Fighting
 + Level 4.6 Long Blades
 + Level 4.5 Dodging
 + Level 4.9 Stealth


You had 6 spell levels left.
You didn't know any spells.
Your spell library was empty.

Dungeon Overview and Level Annotations

Branches:
Dungeon (5/15)             Temple (0/1) D:4

Altars:
Ashenzari
Okawaru
Ru
The Shining One

Annotations:
D:4 2 transporters


Innate Abilities, Weirdness & Mutations

You cannot wear most types of armour.
You are very stealthy in the water. (Stealth+)
You are amphibious.
You can wear up to eight rings at the same time.
You can use your tentacles to constrict eight enemies at once.
Your skin changes colour to match your surroundings (Stealth+).
Your rubbery body absorbs attacks. (AC +1, EV +1)


Message History

The sky beast is heavily wounded.
The sky beast flickers out of sight!
Deactivating autopickup; reactivate with Ctrl-A.
Something hits you. Something shocks you.
* * * LOW HITPOINT WARNING * * *
The shadow imp closely misses you.
You take 10 damage, and have 19/73 hp.
You hit something. You barely miss something. Something hits you.
* * * LOW HITPOINT WARNING * * *
Something shocks you.
* * * LOW HITPOINT WARNING * * *
The shadow imp puffs mist at you. The shadow imp closely misses you.
You take 10 damage, and have 10/73 hp.
Unknown command.
You miss something. Something hits you.
* * * LOW HITPOINT WARNING * * *
Something shocks you.
You die...

#.# #.# #.# #.#
##+# #.# ##...#
#.## #.....#
####..# .......##
##.###>#
......{@####...##.#
......5.'.........#
........####....###
....?..## ##.#.#
#.....# ###.#
##...# #.# ##+# #.#
#.# #.#


You could see a shadow imp.

Vanquished Creatures
  2 centaurs (D:5)
  2 orc priests (D:5)
  A hound (D:2)
  A bullfrog skeleton (D:4)
  An iguana (D:4)
  A hound skeleton (D:4)
  A gnoll (D:3)
  4 adders
  2 oozes
  2 adder skeletons (D:5)
  2 worms (D:2)
  3 dart slugs (D:1)
  A leopard gecko (D:2)
  2 orcs (D:5)
  10 bats
  3 giant cockroaches
  3 goblins
  9 hobgoblins
  12 jackals
  5 frilled lizards
  10 kobolds
  8 rats
85 creatures vanquished.

Notes
Turn   | Place    | Note
-------+----------+-------------------------------------------
     0 | D:1      | Redear the Octopode Berserker began the quest for the Orb.
     0 | D:1      | Reached XP level 1. HP: 16/16 MP: 1/1
   255 | D:1      | Reached skill level 1 in Stealth
   255 | D:1      | Reached XP level 2. HP: 20/21 MP: 2/2
   420 | D:1      | Reached XP level 3. HP: 20/26 MP: 3/3
   439 | D:1      | Reached ** piety under Trog
  1072 | D:2      | Reached skill level 2 in Stealth
  1190 | D:2      | Reached XP level 4. HP: 17/31 MP: 4/4
  1261 | D:2      | HP: 3/31 [worm (12)]
  1268 | D:2      | Found a shattered altar of Ashenzari.
  1602 | D:3      | Reached skill level 3 in Stealth
  1602 | D:3      | Reached XP level 5. HP: 25/37 MP: 5/5
  1728 | D:3      | Found a faded altar of an unknown god.
  2416 | D:3      | Found an iron altar of Okawaru.
  2435 | D:3      | Reached skill level 4 in Long Blades
  2678 | D:4      | Found a transporter.
  2736 | D:4      | Found a staircase to the Ecumenical Temple.
  2893 | D:4      | Reached skill level 4 in Fighting
  2893 | D:4      | Reached skill level 4 in Dodging
  2914 | D:4      | Found a glowing golden altar of the Shining One.
  3231 | D:4      | Found a transporter.
  3235 | D:4      | Noticed a fire bat
  3240 | D:4      | Reached XP level 6. HP: 43/43 MP: 6/6
  3484 | D:5      | Entered Level 5 of the Dungeon
  3506 | D:5      | Reached skill level 4 in Stealth
  3521 | D:5      | Found a sacrificial altar of Ru.
  3545 | D:5      | HP: 5/64 [centaur/arrow (15)]
  3653 | D:5      | Noticed a sky beast
  3660 | D:5      | Reached XP level 7. HP: 40/49 MP: 7/7
  3669 | D:5      | HP: 5/73 [something (5)]
  3669 | D:5      | Slain by a sky beast

Levels and vault maps discovered:
D:1:      nzn_arrival_settlement, layout_basic
D:2:      layout_basic, first_ration, minmay_misc_feat_tiny, ashenzari_altar_1
D:3:      layout_loops_corners, okawaru_altar_gauntlet_db,
          chequers_ecumenical_altar_simple, kennysheep_generic_room_14
D:4:      gammafunk_cloud_chamber, layout_cave_pods, tso_oasis_becter,
          minmay_temple_entry_from_below_a
D:5:      layout_loops_corners, nemelex_xobeh_ov_fountains_minmay,
          nicolae_ru_sacrificial_ziggurat

Skill      XL: |  1  2  3  4  5  6 |
---------------+-------------------+-----
Stealth        | 1 2 3 4 |  4.9
Long Blades    | 4 |  4.6
Fighting       | 4 |  4.6
Dodging        | 4 |  4.5

Action                   |  1- 3 |  4- 6 |  7- 9 || total
-------------------------+-------+-------+-------++-------
Melee: Falchion          |    70 |     5 |       ||    75
       Constrict         |    23 |    27 |       ||    50
       Tentacles         |    11 |    32 |     1 ||    44
       Dagger            |       |    83 |     9 ||    92
Invok: Berserk           |     1 |     4 |       ||     5
       Trog's Hand       |     2 |     6 |       ||     8
  Use: Scroll            |       |     6 |       ||     6
 Stab: Sleeping          |    10 |    13 |       ||    23
       Distracted        |     1 |       |       ||     1
  Eat: Chunk             |     2 |     9 |       ||    11
       Ration            |       |     1 |       ||     1
Armor: Skin              |     8 |     4 |       ||    12
Dodge: Dodged            |    47 |    71 |     5 ||   123
       Rpst.: Falchion   |    18 |     2 |       ||    20

Table legend:
 A = Non-vault XP
 B = Vault XP
 C = Vault XP percentage of total XP
 D = Non-vault monster count
 E = Vault monster count
 F = Vault count percentage of total count
                 A         B        C        D         E       F
            +---------+---------+-------+---------+---------+-------
      Total |     635 |      24 |   3.6 |      79 |       6 |   7.1
            +---------+---------+-------+---------+---------+-------
        D:1 |      47 |       0 |   0.0 |      24 |       0 |   0.0
        D:2 |     104 |       0 |   0.0 |      27 |       0 |   0.0
        D:3 |      48 |      24 |  33.3 |      12 |       6 |  33.3
        D:4 |     115 |       0 |   0.0 |       8 |       0 |   0.0
        D:5 |     321 |       0 |   0.0 |       8 |       0 |   0.0
            +---------+---------+-------+---------+---------+-------
